 Dungeon Crawl Stone Soup version 0.26-a0-651-gb41185065b (webtiles) character file.

Game seed: 12395871053333451192

109137 Peloso the Fencer (level 16, -3/147 HPs)
             Began as a Minotaur Fighter on Sept 30, 2020.
             Was the Champion of Okawaru.
             Splashed by an oklob plant's acid (10 damage)
             ... on level 6 of the Lair of Beasts.
             The game lasted 01:14:33 (25160 turns).

Peloso the Fencer (Minotaur Fighter)               Turns: 25160, Time: 01:14:40

Health: -3/147     AC:  9    Str: 25    XL:     16   Next: 4%
Magic:  16/16      EV: 13    Int: 10    God:    Okawaru [******]
Gold:   2973       SH: 18    Dex: 17    Spells: 15/15 levels left

rFire    . . .     SeeInvis .   a - +11 double sword "Dragonslayer" {vorpal, Str+2}
rCold    . . .     Faith    +   c - +2 kite shield {rPois}
rNeg     + + .     Spirit   .   y - +3 chain mail {MR+}
rPois    +         Reflect  .   K - +1 hat of the Commoners {rElec Int+5}
rElec    +         Harm     .   W - +1 cloak {Stlth+}
rCorr    .         Rampage  .   Y - +1 pair of gloves {archery}
MR       +++++                  B - +1 pair of boots "Ewotwy" {MR+++ Regen+ Str-2 Slay+3}
Stlth    ..........             L - amulet "Fuafaell" {Faith Fragile rN++ Dex+4}
HPRegen  0.74/turn              t - ring of protection from magic
MPRegen  0.15/turn              V - +4 ring of protection

@: corroded
A: retaliatory headbutt, horns 2
a: Heroism, Finesse, Renounce Religion


You were on level 6 of the Lair of Beasts.
You worshipped Okawaru.
Okawaru was exalted by your worship.
You visited 3 branches of the dungeon, and saw 22 of its levels.
You also visited: Sewer, Gauntlet and Ice Cave.

You collected 3301 gold pieces.
You spent 328 gold pieces at shops.

Inventory:

Hand Weapons
 a - the +11 double sword "Dragonslayer" (weapon) {vorpal, Str+2}
   (You acquired it on level 12 of the Dungeon)

   It inflicts extra damage upon your enemies.
   It affects your strength (+2).
 b - a +2 scimitar of flaming
Missiles
 G - 136 bolts
Armour
 c - a +2 kite shield of poison resistance (worn)
 u - a +0 hat of see invisible
 y - a +3 chain mail of magic resistance (worn)
 B - the +1 pair of boots "Ewotwy" (worn) {MR+++ Regen+ Str-2 Slay+3}
   (You found it on level 7 of the Dungeon)

   It affects your strength (-2).
   It affects your accuracy and damage with ranged weapons and melee attacks
   (+3).
   It affects your resistance to hostile enchantments.
   It increases your rate of regeneration.
 K - the +1 hat of the Commoners (worn) {rElec Int+5}
   (Okawaru gifted it to you on level 11 of the Dungeon)

   It affects your intelligence (+5).
   It insulates you from electricity.
 W - a +1 cloak of stealth (worn)
 Y - a +1 pair of gloves of archery (worn)
Jewellery
 f - an uncursed ring of ice
 m - an uncursed amulet of magic regeneration {unknown}
 n - a cursed amulet of inaccuracy {unknown}
 t - a ring of protection from magic (left hand)
 L - the amulet "Fuafaell" (around neck) {Faith Fragile rN++ Dex+4}
   (You found it in a Gauntlet)

   [amulet of faith]

   It allows you to gain divine favour quickly.
   It affects your dexterity (+4).
   It greatly protects you from negative energy.
   It will be destroyed if unequipped.
 Q - an uncursed ring of flight
 V - a +4 ring of protection (right hand)
Wands
 e - a wand of digging (4)
Scrolls
 g - a scroll of amnesia
 i - 13 scrolls of teleportation
 j - 10 scrolls of remove curse
 o - 5 scrolls of immolation
 p - 2 scrolls of identify
 q - 4 scrolls of fear
 r - 7 scrolls of blinking
 E - 6 scrolls of magic mapping
 N - 2 scrolls of noise
Potions
 d - 3 potions of might
 h - 3 potions of invisibility
 k - 5 potions of stabbing
 l - a potion of ambrosia
 v - 4 potions of resistance
 w - 4 potions of flight
 x - 3 potions of haste
 C - 12 potions of curing
 I - 8 potions of heal wounds


   Skills:
 + Level 14.9 Fighting
   Level 0.6(11.4) Short Blades
 + Level 18.2 Long Blades
   Level 1.6 Maces & Flails
 + Level 14.4 Armour
 + Level 6.3 Dodging
 + Level 2.5 Stealth
 + Level 17.6 Shields
 + Level 2.4 Invocations
 + Level 1.5 Evocations


You had 15 spell levels left.
You didn't know any spells.
Your spell library contained the following spells:

 Spells                   Type           Power        Failure   Level
 Corona                   Hex            #......      83%         1
 Foxfire                  Conj/Fire      #...         83%         1
 Freeze                   Ice            #...         83%         1
 Magic Dart               Conj           #...         83%         1
 Sting                    Tmut/Pois      #...         83%         1
 Poisonous Vapours        Pois/Air       #.....       93%         2
 Searing Ray              Conj           #.....       93%         2
 Slow                     Hex            #.......     93%         2
 Confusing Touch          Hex            #.......     99%         3
 Conjure Flame            Conj/Fire      #.......     99%         3
 Dazzling Flash           Conj/Hex       #.....       99%         3
 Frozen Ramparts          Ice            #.....       99%         3
 Gell's Gravitas          Tloc           #.........   99%         3
 Ignite Poison            Fire/Tmut/Pois #.......     99%         3
 Inner Flame              Hex/Fire       #.......     99%         3
 Mephitic Cloud           Conj/Pois/Air  #.......     99%         3
 Ozocubu's Armour         Ice            #.......     99%         3
 Portal Projectile        Hex/Tloc       #.....       99%         3
 Cause Fear               Hex            #.........   100%        4
 Fulminant Prism          Conj/Hex       #.........   100%        4
 Hailstorm                Conj/Ice       #.......     100%        4
 Iskenderun's Mystic Bla  Conj/Tloc      #.......     100%        4
 Leda's Liquefaction      Hex/Erth       #.........   100%        4
 Olgreb's Toxic Radiance  Pois           #.......     100%        4
 Petrify                  Tmut/Erth      #.......     100%        4
 Sticky Flame             Conj/Fire      #.......     100%        4
 Summon Ice Beast         Ice/Summ       #.......     100%        4
 Bolt of Magma            Conj/Fire/Erth #.........   100%        5
 Fireball                 Conj/Fire      #.........   100%        5
 Iskenderun's Battlesphe  Conj           #.......     100%        5
 Metabolic Englaciation   Hex/Ice        #.........   100%        5
 Yara's Violent Unravell  Hex/Tmut       #.........   100%        5
 Iron Shot                Conj/Erth      #.........   100%        6
 Orb of Destruction       Conj           #.........   100%        7
 Spellforged Servitor     Conj/Summ      #.........   100%        7


Dungeon Overview and Level Annotations

Branches:
Dungeon (15/15)            Temple (1/1) D:5            Lair (6/6) D:8
 Shoals (0/4) Lair:4        Snake (0/4) Lair:4        Slime (0/5) Lair:5
    Orc (0/2) D:9          Vaults (0/5) D:13         Depths (0/5) D:15
  Sewer (visited)           IceCv (visited)         Gauntlet (visited)

Altars:
Ashenzari
Cheibriados
Dithmenos
Elyvilon
Fedhas
Gozag
Hepliaklqana
Kikubaaqudgha
Makhleb
Nemelex Xobeh
Okawaru
Qazlal
Ru
Sif Muna
Trog
Uskayaw
Vehumet
Wu Jian
Xom
Yredelemnul
Zin
The Shining One

Shops:
D:5 }   D:7 ?[   D:12 (   D:15 }

Annotations:
D:15 1 runed translucent door
Lair:6 exclusion: 3 oklob plants


Innate Abilities, Weirdness & Mutations

You reflexively headbutt those who attack you in melee.
You have a pair of horns on your head.


Message History

The oklob plant is almost destroyed.
The oklob plant spits acid at you.
The splash of acid hits you but does no damage.
The acid corrodes you!
You are splashed with acid!
The oklob plant spits acid at you. The splash of acid hits you.
You are splashed with acid!
* * * LOW HITPOINT WARNING * * *
You slash the oklob plant!
You destroy the oklob plant!
Okawaru accepts your kill. The oklob plant spits acid at you.
The splash of acid hits you!
* * * LOW HITPOINT WARNING * * *
The acid corrodes you!
You are splashed with acid!
* * * LOW HITPOINT WARNING * * *
The oklob plant spits acid at you. The splash of acid hits you!
* * * LOW HITPOINT WARNING * * *
You are splashed with acid!
You die...

#...........#
...........###
##...........#
#..........###
##.........##
#..........#####
#..........##..#######
#..........P#...P}:.P#
#...........#..@.[")$#
#...............!P??$#
#...........)...}$.$.#
##.........#......![$[#
#..........##...#######
.............####
#รท...........#
.............#
.8..........#.


You could see 3 oklob plants.

Vanquished Creatures
  A lich (D:15)
  Kirke (Lair:4)
  Gastronok (D:10)
  A shadow dragon (D:13)
  A frost giant (D:13)
  The ghost of Xyara the Severer, a journeyman MiFi of Makhleb (D:15)
  A reaper (IceCv)
  A stone giant (D:15)
  Azrael (D:13)
  Nessos (D:13)
  The ghost of emiel the Basher, a journeyman BaFi of Okawaru (Lair:4)
  A minotaur (Gauntlet)
  2 fire dragons
  A great orb of eyes (D:15)
  8 vault guards (D:13)
  9 hydras
  The ghost of Anness the Destroyer, a journeyman DsFE of Vehumet (Lair:4)
  Erolcha (D:13)
  4 catoblepae
  Fannar (D:11)
  The ghost of Tessuop the Grappler, a journeyman VSFi of Cheibriados (Lair:4)
  A dancing weapon (D:10)
  2 tengu warriors (D:14)
  3 two-headed ogres
  6 death yaks (Lair:6)
  The ghost of Gargoyl the Fighter, a novice GnAK of Lugonu (D:10)
  A deep elf knight (D:13)
  2 deep troll earth magi
  Sonja (Lair:1)
  5 skeletal warriors (D:15)
  3 unseen horrors
  A glowing orange brain (Gauntlet)
  A phantasmal warrior (D:15)
  2 necromancers (D:15)
  A deep elf archer (D:13)
  An oklob plant (Lair:6)
  11 ugly things
  2 deep elf magi
  3 manticores
  A worldbinder (Gauntlet)
  6 elephants (Lair:6)
  5 black mambas
  2 ice statues (IceCv)
  2 spriggan zombies (D:15)
  2 gargoyles
  8 rime drakes
  4 centaur skeletons
  A torpor snail (Lair:5)
  4 cane toads
  2 freezing wraiths
  An efreet (D:15)
  4 komodo dragons
  8 ice devils (IceCv)
  A tengu conjurer (D:13)
  6 trolls
  Grinder (D:4)
  A hornet (D:12)
  A polar bear (Lair:4)
  27 blink frogs
  12 hippogriffs
  A fire dragon zombie (D:15)
  4 wraiths
  A centaur simulacrum (D:15)
  A shadow (D:11)
  A vampire (D:15)
  4 fire elementals (D:13)
  2 wyverns
  6 hogs
  55 yaks
  3 basilisks
  10 steam dragons
  A human (D:10)
  2 wargs (D:9)
  5 nagas (Lair:4)
  Duvessa (D:4)
  2 acid dragons
  A tengu zombie (D:15)
  14 water moccasins
  3 hell hounds (D:13)
  12 porcupines
  3 sky beasts
  10 ice beasts
  2 black bears
  A meliai simulacrum (D:15)
  6 orc warriors
  A necrophage (D:11)
  3 phantoms
  10 boggarts
  5 ogres
  14 wolves
  18 centaurs
  13 crocodiles
  4 big kobolds
  18 bullfrogs
  Dowan (D:4)
  5 scorpions
  14 killer bees
  15 wights
  5 howler monkeys
  4 bullfrog zombies
  2 centaur zombies
  4 jellies
  7 hounds
  15 orc wizards
  7 orc priests
  A bullfrog skeleton (D:4)
  4 iguanas
  14 worker ants
  A hell rat (Lair:6)
  A hound zombie (D:5)
  2 hound skeletons
  2 worker ant zombies
  Robin (D:4)
  3 gnolls (D:5)
  14 adders
  A river rat (Lair:5)
  8 white imps
  9 ufetubi
  An adder zombie (D:8)
  An adder skeleton (D:8)
  3 worms
  9 leopard geckos
  54 orcs
  6 ball pythons
  A bat skeleton (D:2)
  9 giant cockroaches
  8 goblins
  6 hobgoblins
  9 jackals
  4 quokkas
  9 bats
  9 frilled lizards
  A jackal skeleton (D:8)
  36 kobolds
  A leopard gecko skeleton (D:5)
  A leopard gecko zombie (D:6)
  A quokka skeleton (D:5)
  5 rats
737 creatures vanquished.

Vanquished Creatures (others)
  A centaur zombie (D:13)
  A rime drake (Lair:2)
  A steam dragon (Lair:2)
  A white imp (IceCv)
  5 ufetubi (IceCv)
  12 fungi
  132 plants
  5 withered plants
158 creatures vanquished.

Grand Total: 895 creatures vanquished

Notes
Turn   | Place    | Note
-------+----------+-------------------------------------------
     0 | D:1      | Peloso the Minotaur Fighter began the quest for the Orb.
     0 | D:1      | Reached XP level 1. HP: 19/19 MP: 0/0
    88 | D:1      | Reached XP level 2. HP: 23/27 MP: 1/1
   633 | D:2      | Reached XP level 3. HP: 27/33 MP: 2/2
   712 | D:2      | Found a shimmering altar of Xom.
   888 | D:2      | Reached skill level 3 in Long Blades
  1426 | D:3      | Reached XP level 4. HP: 19/40 MP: 3/3
  1752 | D:3      | Found a glowing drain.
  1767 | Sewer    | Entered a sewer
  2055 | Sewer    | Reached skill level 1 in Dodging
  2119 | Sewer    | Reached skill level 4 in Long Blades
  2127 | Sewer    | Reached XP level 5. HP: 47/47 MP: 4/4
  2570 | D:3      | Found a radiant altar of Vehumet.
  2734 | D:4      | Found a glowing golden altar of the Shining One.
  2799 | D:4      | Reached skill level 5 in Armour
  2986 | D:4      | Reached XP level 6. HP: 53/53 MP: 5/5
  3081 | D:4      | Noticed Robin
  3091 | D:4      | Killed Robin
  3240 | D:4      | Noticed Grinder
  3251 | D:4      | Killed Grinder
  3251 | D:4      | Reached skill level 5 in Long Blades
  3251 | D:4      | Reached skill level 5 in Shields
  3251 | D:4      | Reached XP level 7. HP: 47/60 MP: 6/6
  3475 | D:4      | Reached skill level 6 in Long Blades
  3647 | D:4      | Noticed Duvessa
  3647 | D:4      | Noticed Dowan
  3663 | D:4      | Killed Duvessa
  3663 | D:4      | Reached skill level 5 in Fighting
  4216 | D:4      | Killed Dowan
  4456 | D:5      | Entered Level 5 of the Dungeon
  4459 | D:5      | Noticed a hippogriff
  4583 | D:5      | Killed a hippogriff
  4583 | D:5      | Reached skill level 7 in Long Blades
  4604 | D:5      | Reached XP level 8. HP: 39/69 MP: 7/7
  4962 | D:5      | Reached skill level 8 in Long Blades
  5009 | D:5      | You fall into a shaft and drop 2 floors!
  5134 | D:7      | Noticed a hippogriff
  5140 | D:7      | Killed a hippogriff
  5269 | D:7      | Noticed a hippogriff
  5277 | D:7      | Killed a hippogriff
  5277 | D:7      | Reached skill level 9 in Long Blades
  5337 | D:7      | Found Cyggiddeu's Magic Scroll Shop.
  5356 | D:7      | Bought a scroll of identify for 24 gold pieces
  5356 | D:7      | Bought a scroll of identify for 24 gold pieces
  5356 | D:7      | Bought a scroll of identify for 24 gold pieces
  5441 | D:7      | Noticed a hippogriff
  5455 | D:7      | Killed a hippogriff
  5455 | D:7      | Reached XP level 9. HP: 37/77 MP: 8/8
  5641 | D:7      | Found an ornate altar of the Wu Jian Council.
  6195 | D:7      | Found Kuub's Antique Armour Shop.
  6298 | D:7      | Got a pair of translucent boots
  6309 | D:7      | Identified the +1 pair of boots "Ewotwy" {MR+++ Regen+
                  | Str-2 Slay+3} (You found it on level 7 of the Dungeon)
  7010 | D:6      | Reached skill level 10 in Long Blades
  7051 | D:6      | Found a stormy altar of Qazlal.
  7242 | D:6      | Got a smoking flail
  7243 | D:6      | Identified the cursed +3 flail "Dragon's Tongue" {holy,
                  | +Rage rElec rPois Int-2 Stlth+} (You found it on level 6 of
                  | the Dungeon)
  7299 | D:5      | Found Uhodump's Gadget Boutique.
  7548 | D:5      | Found a sacrificial altar of Ru.
  7597 | D:5      | Found a staircase to the Ecumenical Temple.
  7648 | Temple   | Entered the Ecumenical Temple
  8211 | D:8      | Noticed a troll
  8222 | D:8      | Killed a troll
  8222 | D:8      | Reached XP level 10. HP: 78/88 MP: 9/9
  8248 | D:8      | Found an opulent altar of Gozag.
  8261 | D:8      | Reached skill level 11 in Long Blades
  8405 | D:8      | Found a staircase to the Lair.
  8936 | D:8      | Found a bloodstained altar of Trog.
  8937 | D:8      | Found an iron altar of Okawaru.
  8960 | D:8      | Became a worshipper of Warmaster Okawaru
  9216 | D:9      | Reached skill level 12 in Long Blades
  9345 | D:9      | Noticed a two-headed ogre
  9356 | D:9      | Killed a two-headed ogre
  9356 | D:9      | Reached * piety under Okawaru
  9472 | D:9      | Found a staircase to the Orcish Mines.
  9480 | D:9      | Reached ** piety under Okawaru
  9532 | D:9      | Found a shimmering blue altar of Sif Muna.
  9810 | D:10     | Entered Level 10 of the Dungeon
  9838 | D:9      | Reached skill level 10 in Shields
 10030 | D:10     | Reached XP level 11. HP: 95/95 MP: 10/10
 10100 | D:10     | Reached skill level 1 in Stealth
 10110 | D:10     | Got a polished scimitar
 10111 | D:10     | Identified the cursed +0 scimitar "Pihen" {vorpal, Fragile
                  | +Blink Str+2} (You found it on level 10 of the Dungeon)
 10153 | D:10     | Noticed Gastronok
 10164 | D:10     | Noticed a two-headed ogre
 10168 | D:10     | Killed Gastronok
 10168 | D:10     | Reached *** piety under Okawaru
 10168 | D:10     | Reached **** piety under Okawaru
 10168 | D:10     | Reached skill level 13 in Long Blades
 10172 | D:10     | Killed a two-headed ogre
 10172 | D:10     | Reached skill level 10 in Armour
 10422 | D:10     | Found a runed translucent door.
 10423 | D:10     | Found a shimmering altar of Xom.
 10423 | D:10     | Noticed a +0 rapier of chaos
 10423 | D:10     | Noticed Gargoyl's ghost (novice GnAK)
 10801 | D:10     | Reached ***** piety under Okawaru
 11232 | D:11     | Received a gift from Okawaru
 11235 | D:11     | Got a faintly glowing hat {god gift}
 11246 | D:11     | Identified the +1 hat of the Commoners {rElec Int+5}
                  | (Okawaru gifted it to you on level 11 of the Dungeon)
 11578 | D:11     | Killed an unseen horror
 11599 | D:11     | Identified a scroll of acquirement
 11933 | D:11     | Noticed a white ugly thing
 11934 | D:11     | Noticed Fannar
 11953 | D:11     | Killed a white ugly thing
 11953 | D:11     | Reached skill level 10 in Fighting
 11953 | D:11     | Reached skill level 14 in Long Blades
 11953 | D:11     | Reached XP level 12. HP: 106/106 MP: 8/11
 11964 | D:11     | Killed Fannar
 12423 | D:12     | Found Duotadis's Weapon Shoppe.
 12899 | D:12     | Acquired 635 gold pieces
 12903 | D:12     | Acquired the +11 double sword "Dragonslayer" {vorpal,
                  | Str+2}
 13049 | D:12     | Noticed a two-headed ogre
 13058 | D:12     | Killed a two-headed ogre
 13321 | D:12     | Identified the +2 trident "Folumir" {vorpal, *Rage rF+
                  | Dex+4 Stlth+}
 13871 | Lair:1   | Entered Level 1 of the Lair of Beasts
 13968 | Lair:1   | Received a gift from Okawaru
 14110 | Lair:1   | Noticed Sonja
 14116 | Lair:1   | Killed Sonja
 14232 | Lair:1   | Noticed a seven-headed hydra
 14245 | Lair:1   | Killed a seven-headed hydra
 14245 | Lair:1   | Reached skill level 15 in Long Blades
 14399 | Lair:1   | Noticed a six-headed hydra
 14410 | Lair:1   | Killed a six-headed hydra
 14410 | Lair:1   | Reached skill level 1 in Evocations
 14789 | Lair:2   | Reached XP level 13. HP: 46/116 MP: 9/12
 15294 | Lair:2   | Reached ****** piety under Okawaru
 15716 | Lair:2   | Identified the +9 glaive "Halinlur" {vorpal, +Fly rElec rN+
                  | Int+9} (You found it on level 2 of the Lair of Beasts)
 15807 | Lair:3   | Found a frozen archway.
 15824 | Lair:3   | Received a gift from Okawaru
 15827 | Lair:3   | Identified the +12 great sword of Hatowahu {venom, Str+3}
                  | (Okawaru gifted it to you on level 3 of the Lair of Beasts)
 15831 | IceCv    | Entered an ice cave
 16057 | IceCv    | Identified a +2 pair of boots of running (You found it in
                  | an ice cave)
 16175 | IceCv    | Noticed a reaper
 16190 | IceCv    | Killed a reaper
 16649 | Lair:3   | Received a gift from Okawaru
 17470 | Lair:4   | Reached skill level 16 in Long Blades
 17547 | Lair:4   | Found a staircase to the Snake Pit.
 17625 | Lair:4   | Noticed Kirke
 17640 | Lair:4   | Killed Kirke
 17678 | Lair:4   | Found a runed translucent gate.
 17678 | Lair:4   | Found a runed translucent gate.
 17679 | Lair:4   | Found a runed translucent gate.
 17693 | Lair:4   | Noticed emiel's ghost (journeyman BaFi)
 17693 | Lair:4   | Noticed Anness's ghost (journeyman DsFE)
 17693 | Lair:4   | Noticed Tessuop's ghost (journeyman VSFi)
 17708 | Lair:4   | Killed Tessuop's ghost
 17716 | Lair:4   | Killed emiel's ghost
 17716 | Lair:4   | Reached skill level 1 in Invocations
 17721 | Lair:4   | Killed Anness's ghost
 17918 | Lair:4   | Reached skill level 5 in Dodging
 18091 | Lair:4   | Received a gift from Okawaru
 18116 | Lair:4   | Reached XP level 14. HP: 126/126 MP: 13/13
 18149 | Lair:4   | Found a staircase to the Shoals.
 18590 | Lair:4   | You fall into a shaft and drop 2 floors!
 18590 | Lair:6   | Entered Level 6 of the Lair of Beasts
 18617 | Lair:6   | Reached skill level 15 in Shields
 18758 | Lair:5   | Found a staircase to the Slime Pits.
 20031 | D:13     | Noticed Nessos
 20043 | D:13     | Killed Nessos
 20253 | D:13     | Noticed a shadow dragon
 20268 | D:13     | Noticed a frost giant
 20275 | D:13     | Received a gift from Okawaru
 20521 | D:13     | Killed a frost giant
 20535 | D:13     | Killed a shadow dragon
 20535 | D:13     | Received a gift from Okawaru
 20535 | D:13     | Reached skill level 1 in Maces & Flails
 20714 | D:13     | Reached skill level 17 in Long Blades
 20795 | D:13     | Found a gate to the Vaults.
 21122 | D:13     | Noticed Erolcha
 21127 | D:13     | Killed Erolcha
 21153 | D:13     | You fall into a shaft and drop 1 floor!
 21153 | D:14     | Found a gate leading to a gauntlet.
 21164 | Gauntlet | Entered a Gauntlet
 21164 | Gauntlet | Found a transporter.
 21174 | Gauntlet | Found a transporter.
 21176 | Gauntlet | Found a transporter.
 21178 | Gauntlet | Found a transporter.
 21194 | Gauntlet | Found a transporter.
 21211 | Gauntlet | Found a transporter.
 21213 | Gauntlet | Found a large runed translucent door.
 21213 | Gauntlet | Found a large runed translucent door.
 21214 | Gauntlet | Found a large runed translucent door.
 21214 | Gauntlet | Found a large runed translucent door.
 21215 | Gauntlet | Found a large runed translucent door.
 21215 | Gauntlet | Found a large runed translucent door.
 21215 | Gauntlet | Found a runed translucent door.
 21215 | Gauntlet | Found a runed translucent door.
 21215 | Gauntlet | Found a large runed translucent door.
 21215 | Gauntlet | Found a large runed translucent door.
 21216 | Gauntlet | Found a large runed translucent door.
 21216 | Gauntlet | Found a large runed translucent door.
 21218 | Gauntlet | Found a transporter.
 21238 | Gauntlet | Found a transporter.
 21249 | Gauntlet | Found a large runed translucent door.
 21250 | Gauntlet | Found a large runed translucent door.
 21251 | Gauntlet | Found a large runed translucent door.
 21252 | Gauntlet | Found a runed translucent gate.
 21253 | Gauntlet | Found a transporter.
 21253 | Gauntlet | Found a runed translucent gate.
 21254 | Gauntlet | Found a runed translucent gate.
 21275 | Gauntlet | Found a large runed translucent door.
 21276 | Gauntlet | Found a large runed translucent door.
 21277 | Gauntlet | Found a large runed translucent door.
 21285 | Gauntlet | Found a transporter.
 21316 | Gauntlet | Found a transporter.
 21323 | Gauntlet | Found a transporter.
 21348 | Gauntlet | Found a transporter.
 21353 | Gauntlet | Found a transporter.
 21355 | Gauntlet | Found a transporter.
 21377 | Gauntlet | Found a transporter.
 21398 | Gauntlet | Found a transporter.
 21414 | Gauntlet | Found a transporter.
 21701 | Gauntlet | Received a gift from Okawaru
 21711 | Gauntlet | Got a glittering diamond amulet
 21712 | Gauntlet | Identified the amulet "Fuafaell" {Faith Fragile rN++ Dex+4}
                  | (You found it in a Gauntlet)
 21910 | D:13     | Noticed Azrael
 21922 | D:13     | Reached XP level 15. HP: 134/136 MP: 12/15
 21933 | D:13     | Killed Azrael
 22446 | D:15     | Entered Level 15 of the Dungeon
 22446 | D:15     | Found a staircase to the Depths.
 22649 | D:15     | Received a gift from Okawaru
 22799 | D:15     | Found a runed translucent door.
 22806 | D:15     | Noticed Xyara's ghost (journeyman MiFi)
 22806 | D:15     | Noticed a lich
 22810 | D:15     | Found a runed translucent door.
 23461 | D:15     | Found Papar's Gadget Shop.
 23464 | D:15     | Bought a wand of digging (4) for 256 gold pieces
 23633 | D:15     | Killed Xyara's ghost
 23640 | D:15     | Killed a lich
 23926 | D:10     | Killed Gargoyl's ghost
 24121 | Lair:5   | Received a gift from Okawaru
 24608 | Lair:6   | Reached skill level 18 in Long Blades
 24864 | Lair:6   | Reached XP level 16. HP: 147/147 MP: 16/16
 24893 | Lair:6   | Received a gift from Okawaru
 25160 | Lair:6   | HP: 7/147 [oklob plant/splash of acid (14)]
 25160 | Lair:6   | Splashed by an oklob plant's acid

Illustrated notes

Levels and vault maps discovered:
D:1:      denvon_arrival_waterhouse, layout_rooms
D:2:      minmay_spotlight, layout_loops_ring, lemuel_round_altar,
          minmay_tromino_mix6
D:3:      layout_loops_ring, vehumet_crystals, portal_sewer_entry_f
D:4:      layout_basic, lemuel_crystal_altar, uniq_duvessa, uniq_grinder,
          uniq_robin
D:5:      layout_rooms, overflow_temple_1_default, temple_pool_b, serial_shops,
          nicolae_shop_statue_plus, skrybe_limestone_x, grunt_decor_fettered
D:6:      layout_gridville, grunt_qazlal_sundering
D:7:      layout_loops_cross, marbit_many_paths, serial_shops, shop_scrolls,
          shop, chequers_serial_rivers_marsh, nicolae_zen_rock_garden
D:8:      layout_loops_corners, grunt_temple_overflow_bloody_war,
          lemuel_round_altar, minmay_lair_entry_grove
D:9:      layout_rooms, lemuel_crystal_altar, david_orc_3
D:10:     layout_long_grid, ebering_ghost_xom, grunt_livestock, uniq_gastronok
D:11:     layout_stronghold, minmay_misc_feat_room, uniq_fannar
D:12:     layout_layer_cave, serial_shops, shop, drop_trap
D:13:     layout_roguey, erik_vaults_2, minmay_checkered_concentric_circles,
          uniq_azrael, uniq_erolcha, uniq_nessos
D:14:     layout_roguey, gauntlet_entry_generic
D:15:     gammafunk_depths_entry_grave, layout_basic,
          chequers_serial_rivers_micro_b, serial_shops, shop,
          muffindrake_ghost_dual_entry
Temple:   cyrus_circular_temple
Lair:1:   layout_cave_shapes, uniq_sonja
Lair:2:   layout_regular_city, serial_rivers, chequers_serial_rivers_micro_c,
          chequers_serial_rivers_micro_c, chequers_serial_rivers_small_b,
          chequers_serial_rivers_micro_a, serial_bayou_pond_e,
          bobbens_dragon_lair_wall
Lair:3:   layout_concentric_octagons, portal_ice_cave_entry_ice_beasts
Lair:4:   dragon1_lemuel, layout_gridlike, minmay_shoals_entry_centaurs,
          minmay_snake_entry_guardpost_large, gammafunk_ghost_cemetery,
          serial_forest, infiniplex_forest_end_3, infiniplex_forest_lined_3,
          infiniplex_forest_clump_long, infiniplex_forest_diagonal,
          infiniplex_forest_clump_double, infiniplex_forest_diagonal,
          infiniplex_forest_diagonal, infiniplex_forest_lined_corner,
          nicolae_lair_grove_arrangements, kilobyte_rumbling_trees, uniq_kirke
Lair:5:   layout_roguey, slime_dummy, pond, grunt_megastairs_2
Lair:6:   evilmike_catoblepas_cave, layout_cellular_growth,
          minmay_lair_oklob_chamber

Skill      XL: |  1  2  3  4  5  6  7  8  9 10 11 12 13 14 15 |
---------------+----------------------------------------------+-----
Fighting       | 4 5 6 8 10 11 12 13 14 | 14.9
Armour         | 4 5 7 8 9 11 12 13 14 | 14.4
Shields        | 4 5 6 7 8 10 11 13 14 16 17 | 17.6
Long Blades    | 3 4 5 7 9 10 12 14 15 16 17 18 | 18.2
Dodging        | 1 2 3 4 5 6 |  6.3
Stealth        | 1 2 |  2.5
Evocations     | 1 |  1.5
Invocations    | 1 2 |  2.4
Maces & Flails | 1 |  1.6
Short Blades   | |  0.6

Action                   |  1- 3 |  4- 6 |  7- 9 | 10-12 | 13-15 | 16-18 || total
-------------------------+-------+-------+-------+-------+-------+-------++-------
Melee: Long sword        |    74 |   174 |   330 |    17 |     4 |       ||   599
       Headbutt          |    16 |    28 |    83 |   129 |   234 |     9 ||   499
       Scimitar          |       |       |       |   462 |       |       ||   462
       Double sword      |       |       |       |   110 |   879 |    21 ||  1010
       Dagger            |       |       |       |    15 |    13 |       ||    28
       Demon whip        |       |       |       |       |     7 |       ||     7
Invok: Heroism           |       |       |       |     6 |    15 |       ||    21
Evoke: Wand              |       |       |     1 |     3 |     5 |       ||     9
  Use: Potion            |     1 |     4 |     4 |     2 |     2 |       ||    13
       Scroll            |       |     4 |     8 |    11 |    10 |       ||    33
Armor: Scale mail        |    45 |    34 |       |       |       |       ||    79
       Chain mail        |       |    29 |   112 |       |   192 |    19 ||   352
       Plate armour      |       |       |    24 |   342 |   184 |       ||   550
       Ice dragon scales |       |       |       |       |    75 |       ||    75
Dodge: Dodged            |    33 |    85 |    99 |   161 |   290 |    11 ||   679
Block: Kite shield       |    57 |   103 |   178 |   435 |   682 |    14 ||  1469
       Rpst.: Long sword |     9 |    15 |    25 |       |       |       ||    49
       Scimitar          |       |       |       |    24 |       |       ||    24
       Double sword      |       |       |       |    10 |    61 |     2 ||    73

Table legend: (Time is in decaauts)
 A = Elapsed time spent in this place.
 B = Non-inter-level travel time spent in this place.
 C = Inter-level travel time spent in this place.
 D = Time resting spent in this place.
 E = Time spent auto-exploring this place.
 F = Levels seen in this place.
 G = Mean time per level.
                   A        B        C        D        E       F      G
               +--------+--------+--------+--------+--------+-----+--------+
         Total |  25081 |  23215 |   1866 |   1297 |  14773 |  25 | 1003.2 |
       Dungeon |  16431 |  15160 |   1271 |   1257 |   9852 |  15 | 1095.4 |
        Temple |     67 |     67 |      0 |      0 |      0 |   1 |   67.0 |
          Lair |   6590 |   5995 |    595 |      0 |   4311 |   6 | 1098.3 |
         Sewer |    868 |    868 |      0 |      0 |    490 |   1 |  868.0 |
      Ice Cave |    521 |    521 |      0 |     40 |    119 |   1 |  521.0 |
      Gauntlet |    602 |    602 |      0 |      0 |      0 |   1 |  602.0 |
               +--------+--------+--------+--------+--------+-----+--------+

Top non-repeatable levels by time:
    D:12: 1696 daAuts
     D:7: 1694 daAuts
     D:4: 1442 daAuts
  Lair:4: 1427 daAuts
     D:8: 1386 daAuts
    D:11: 1353 daAuts
  Lair:2: 1212 daAuts
    D:10: 1202 daAuts
     D:3: 1192 daAuts
  Lair:6: 1145 daAuts
  Lair:1: 1126 daAuts
    D:13: 1117 daAuts
    D:15: 994 daAuts
     D:2: 942 daAuts
     D:5: 924 daAuts
